 Dungeon Sprint DCSS version 0.17-a0-1714-g35622ae (webtiles) character file.

412514 patman the Politician (level 21, -11/243 (244) HPs)
             Began as a Naga Assassin on Aug 23, 2015.
             Was the Champion of Cheibriados.
             Mangled by an acid blob (24 damage)
             ... in the Dungeon (Sprint IX: "|||||||||||||||||||||||||||||").
             The game lasted 00:47:26 (12575 turns).

patman the Politician (Naga Assassin)              Turns: 12575, Time: 00:47:27

HP:   -11/243 (244) AC: 40    Str: 27    XL:     21   Next: 79%
MP:   26/38         EV: 26    Int: 29    God:    Cheibriados [******]
Gold: 862           SH:  0    Dex: 34    Spells: 0 memorised, 20 levels left

rFire  + . .     SeeInvis +     b - +9 great mace (crush)
rCold  + + +     Clarity  .     s - +4 gold dragon armour
rNeg   . . .     SustAt   .     (no shield)
rPois  +         Gourm    .     t - +2 helmet
rElec  .         Spirit   .     d - +2 cloak
rCorr  .         Warding  .     R - +1 pair of gloves {Dex+3}
rMut   .         NoTele   +     y - +4 naga barding
MR     ++...                    M - amulet of regeneration
Stlth  +++++.....               N - +4 ring of protection
                                D - ring "Okhlim" {+Fly rC+++ Str-4 Dex-2 Slay+3} (curse)

@: corroded equipment, very slow, very resistant to hostile enchantments, quite
stealthy
A: see invisible, deformed body, poison resistance, slowness 2, slow metabolism
1, spit poison 2, constrict 1, AC +7
a: Spit Poison, Bend Time, Temporal Distortion, Slouch, Step From Time, Renounce
Religion, Evoke Flight
}: 6/15 runes: decaying, serpentine, barnacled, elven, silver, gossamer


You were in the Dungeon.
You worshipped Cheibriados.
Cheibriados was exalted by your worship.
You were not hungry.

You visited 1 branch You collected 1920 gold pieces.
You spent 1058 gold pieces at shops.

Inventory:

Hand weapons
 a - a +2 dagger
 b - a +9 great mace of crushing (weapon)
 c - the +5 dire flail of Huob {flame, MP+9 Str+2 Int-4 Dex+3}
   (You found it in the Dungeon)

   It has been specially enchanted to burn those struck by it, causing extra
   injury to most foes and up to half again as much damage against particularly
   susceptible opponents.
   It affects your strength (+2).
   It affects your intelligence (-4).
   It affects your dexterity (+3).
   It affects your magic capacity (+9).
Missiles
 V - 12 javelins of penetration (quivered)
Armour
 d - a +2 cloak (worn)
 l - a +6 ice dragon armour
 s - a +4 gold dragon armour (worn)
 t - a +2 helmet (worn)
 u - a +1 chain mail
 y - a +4 naga barding (worn)
 G - the +4 robe of Night {+Inv MR+ SInv Stlth+}
   (You found it in the Dungeon)

   It affects your resistance to hostile enchantments.
   It lets you see invisible.
   It lets you turn invisible.
   It makes you more stealthy.
 H - a +0 storm dragon armour
 L - the +0 Maxwell's etheric cage {RegenMP *Contam rElec MP+4}
   (You found it in the Dungeon)

   It insulates you from electricity.
   It affects your magic capacity (+4).
   It causes magical contamination when unequipped.
 R - a +1 pair of gloves of dexterity (worn)
 T - a +0 large shield
 U - a +0 shadow dragon armour
 Y - a +0 cloak of invisibility
Jewellery
 e - the ring of Paano {+Fly rC+ rN+ Int+3}
   (You found it in the Dungeon)

   [ring of protection from cold]

   It affects your intelligence (+3).
   It protects you from cold.
   It protects you from negative energy.
   It lets you fly.
 f - the ring "Enux" {rF+ Str+3 Stlth-}
   (You found it in the Dungeon)

   [ring of loudness]

   It affects your strength (+3).
   It protects you from fire.
   It makes you less stealthy.
 j - the amulet "Ucvined" {Stasis MR+}
   (You found it in the Dungeon)

   [amulet of stasis]

   It prevents you from being teleported, slowed, hasted or paralysed.
   It affects your resistance to hostile enchantments.
 v - a +2 ring of evasion
 w - a +2 ring of protection
 D - the cursed ring "Okhlim" (left hand) {+Fly rC+++ Str-4 Dex-2 Slay+3}
   (You bought it in a shop in the Dungeon)

   [ring of strength]

   It affects your strength (-4).
   It affects your dexterity (-2).
   It affects your accuracy and damage with ranged weapons and melee attacks
   (+3).
   It renders you almost immune to cold.
   It lets you fly.
   It has a curse placed upon it.
 E - an uncursed ring of ice
 M - an amulet of regeneration (around neck)
 N - a +4 ring of protection (right hand)
 O - an uncursed ring of fire
 Z - the ring of Puih Otowi {MP+9 Int+4 Dex+4 Slay-3 Stlth+}
   (You found it in the Dungeon)

   [ring of magical power]

   It affects your intelligence (+4).
   It affects your dexterity (+4).
   It affects your accuracy and damage with ranged weapons and melee attacks
   (-3).
   It affects your magic capacity (+9).
   It makes you more stealthy.
Magical devices
 r - a wand of draining (0)
Scrolls
 m - 5 scrolls of blinking
 n - 8 scrolls of identify
 o - a scroll of fog
 p - 7 scrolls of remove curse
 q - 2 scrolls of amnesia
 x - 8 scrolls of recharging
 K - 4 scrolls of fear
Potions
 h - 9 potions of curing
 i - 2 potions of heal wounds
 k - 3 potions of magic
 z - 3 potions of lignification
 C - a potion of brilliance
 J - 2 potions of cure mutation
 S - a potion of agility
Miscellaneous
 X - a phantom mirror
Comestibles
 g - 13 bread rations
 A - 39 fruits
 B - 5 meat rations


   Skills:
 O Level 27 Fighting
 O Level 27 Short Blades
 * Level 22.7 Maces & Flails
 - Level 1.7 Throwing
 O Level 27 Armour
 O Level 27 Dodging
 O Level 27 Stealth
 - Level 15.3 Shields
 - Level 14.5 Invocations
 O Level 27 Evocations


You had 20 spell levels left.
You didn't know any spells.

Dungeon Overview and Level Annotations

Branches:
Dungeon (1/1)

Altars:
Cheibriados
Dithmenos
Elyvilon
Fedhas
Gozag
Kikubaaqudgha
Makhleb
Nemelex Xobeh
Okawaru
Qazlal
Ru
Sif Muna
Trog
Vehumet
Xom
Yredelemnul
Zin
The Shining One
Beogh
Jiyva
Lugonu

Shops:
D =?(*


Innate Abilities, Weirdness & Mutations

You cannot wear boots.
Your serpentine skin is tough (AC +7).
You have supernaturally acute eyesight.
Armour fits poorly on your strangely shaped body.
Your system is resistant to poisons.
You cover ground very slowly.
You have a slow metabolism.
You can spit poison.
You can use your snake-like lower body to constrict enemies.


Message History

* * * LOW HITPOINT WARNING * * *
The acid blob is moderately wounded.
The acid blob spits acid at you. The splash of acid hits you!
The acid corrodes you!
The acid burns!
* * * LOW HITPOINT WARNING * * *
Unknown command.
Unknown command.
You pound the acid blob like an anvil!!!
Your hands burn!
* * * LOW HITPOINT WARNING * * *
The acid blob is severely wounded.
The acid blob quivers.
The acid blob hits you!!
* * * LOW HITPOINT WARNING * * *
You are splashed with acid!
The acid burns!
* * * LOW HITPOINT WARNING * * *
You barely miss the acid blob.
The acid blob is severely wounded.
The acid blob hits you!!
You die...

▓.▓.▓.▓.▓.▓.▓.▓.▓(
▓.▓.▓.▓.▓.▓.▓.▓.▓[
▓.▓.▓.▓.▓.▓.▓.▓.▓)
▓'▓.▓.▓.▓.▓.▓.▓.▓)
▓.▓.▓.▓.▓'▓.▓.▓.▓)
▓.▓.▓.▓.▓)▓.▓.▓.▓)
▓.▓.▓.▓.▓†▓.▓.▓.▓)
▓.▓.▓.▓.▓†▓.▓.▓.▓.
▓@▓.▓.▓.▓.▓.▓.▓.▓)
▓J▓.▓.▓.▓.▓.▓.▓.▓.
▓J▓.▓.▓.▓[▓.▓.▓.▓.
▓.▓.▓'▓.▓.▓.▓.▓.▓†
▓J▓.▓.▓.▓)▓.▓.▓.▓)
▓φ▓.▓.▓.▓.▓.▓.▓.▓=
▓.▓.▓.▓.▓'▓.▓.▓.▓)
▓G▓.▓.▓.▓[▓.▓.▓.▓+
▓.▓.▓.▓[▓.▓.▓.▓.


You could see 2 acid blobs, a death ooze and a giant eyeball.

Vanquished Creatures
  the royal jelly (D)
  5 ancient liches (D)
  6 orbs of fire (D)
  Mara (D)
  Mennas (D)
  Boris (D)
  Frederick (D)
  Margery (D)
  Norris (D)
  A curse toe (D)
  Nikola (D)
  A golden dragon (D)
  Jory (D)
  Xtahua (D)
  2 liches (D)
  An electric golem (D)
  5 tentacled monstrosities (D)
  A quicksilver dragon (D)
  3 deep elf master archers (D)
  27 Orb Guardians (D)
  2 deep elf blademasters (D)
  5 acid blobs (D)
  5 death cobs (D)
  3 tengu reavers (D)
  8 shadow dragons (D)
  4 storm dragons (D)
  A draconian monk (D)
  Ilsuiw (D)
  2 frost giants (D)
  6 azure jellies (D)
  3 deep elf sorcerers (D)
  5 greater nagas (D)
  A ghost moth (D)
  A draconian knight (D)
  Louise (D)
  4 emperor scorpions (D)
  4 vault wardens (D)
  2 draconian scorchers (D)
  A spriggan defender (D)
  3 draconian shifters (D)
  6 stone giants (D)
  2 very ugly things (D)
  7 vampire knights (D)
  2 ironheart preservers (D)
  A draconian annihilator (D)
  2 draconian callers (D)
  2 green draconians (D)
  3 deep elf demonologists (D)
  4 mottled draconians (D)
  2 white draconians (D)
  5 red draconians (D)
  A purple draconian (D)
  2 ettins (D)
  8 merfolk javelineers (D)
  4 merfolk impalers (D)
  2 deep elf death magi (D)
  An entropy weaver (D)
  3 death oozes (D)
  25 vault guards (D)
  6 fire dragons (D)
  8 hydras (D)
  A rakshasa (D)
  A deep elf high priest (D)
  2 great orbs of eyes (D)
  Harold (D)
  6 ice dragons (D)
  3 yaktaur captains (D)
  A naga warrior (D)
  A deep troll shaman (D)
  A merfolk aquamancer (D)
  An alligator snapping turtle (D)
  2 ogre magi (D)
  A spriggan berserker (D)
  A shock serpent (D)
  3 naga sharpshooters (D)
  A dancing weapon (D)
  4 hell knights (D)
  Urug (D)
  3 orc high priests (D)
  A deep elf knight (D)
  2 shadow wraiths (D)
  A skeletal warrior (D)
  2 unseen horrors (D)
  2 spriggan druids (D)
  2 sea snakes (D)
  A giant orange brain (D)
  2 necromancers (D)
  4 swamp dragons (D)
  A flayed ghost (D)
  A deep troll (D)
  3 ironbrand convokers (D)
  5 orc knights (D)
  A hill giant (D)
  A harpy (shapeshifter) (D)
  2 griffons (D)
  8 wolf spiders (D)
  A manticore (D)
  An elephant (D)
  2 cyclopes (D)
  10 moths of wrath (D)
  A water nymph (D)
  A gargoyle (D)
  3 guardian serpents (D)
  2 black mambas (D)
  4 naga magi (D)
  A spiny frog (D)
  Psyche (D)
  A vault sentinel (D)
  A kobold demonologist (D)
  4 yaktaurs (D)
  A fire drake (shapeshifter) (D)
  3 jumping spiders (D)
  A merfolk (D)
  A freezing wraith (D)
  A two-headed ogre (D)
  A giant leech (D)
  6 polar bears (D)
  2 slime creatures (D)
  A blink frog (D)
  3 bog bodies (D)
  2 trolls (D)
  A tarantella (D)
  2 redbacks (D)
  2 yaks (D)
  2 trapdoor spiders (D)
  A deep elf mage (D)
  11 spriggans (D)
  A wraith (D)
  Eustachio (D)
  A hippogriff (D)
  A soldier ant (D)
  3 vampire mosquitoes (D)
  A water moccasin (D)
  3 nagas (D)
  An insubstantial wisp (D)
  A wolf (D)
  A phantom (D)
  2 sky beasts (D)
  2 porcupines (D)
  9 orc warriors (D)
  3 black bears (D)
  A spider (D)
  An ice beast (D)
  2 swamp drakes (D)
  A boggart (D)
  A brain worm (D)
  2 crocodiles (D)
  3 giant frogs (D)
  A wight (D)
  2 crimson imps (D)
  4 orc priests (D)
  A jelly (D)
  4 orc wizards (D)
  A worker ant (D)
  2 river rats (D)
  A shadow imp (D)
  3 adders (D)
  2 giant eyeballs (D)
  A giant gecko (D)
  14 orcs (D)
  A bat simulacrum (D)
  A bat zombie (D)
  2 kobolds (D)
  2 bats (D)
  A giant cockroach zombie (D)
  A giant gecko skeleton (D)
  A giant newt (D)
  A jackal simulacrum (D)
454 creatures vanquished.

Vanquished Creatures (others)
  A merfolk impaler (D)
  A golden eye (D)
2 creatures vanquished.

Grand Total: 456 creatures vanquished

Notes
Turn   | Place    | Note
--------------------------------------------------------------
     0 | D        | patman the Naga Assassin began the quest for the Orb.
     0 | D        | Reached XP level 1. HP: 19/19 MP: 1/1
     6 | D        | Reached skill level 1 in Dodging
    30 | D        | Noticed a worker ant
    34 | D        | Reached XP level 2. HP: 26/26 MP: 2/2
    36 | D        | Killed a worker ant
    36 | D        | Reached skill level 5 in Dodging
    36 | D        | Reached XP level 3. HP: 32/32 MP: 3/3
    46 | D        | Reached skill level 6 in Dodging
    50 | D        | Found a glowing silver altar of Zin.
    50 | D        | Found a glowing golden altar of the Shining One.
    50 | D        | Found an ancient bone altar of Kikubaaqudgha.
    50 | D        | Found a basalt altar of Yredelemnul.
    50 | D        | Found a shimmering altar of Xom.
    50 | D        | Found a radiant altar of Vehumet.
    51 | D        | Found an iron altar of Okawaru.
    52 | D        | Found a burning altar of Makhleb.
    53 | D        | Found a deep blue altar of Sif Muna.
    54 | D        | Found a bloodstained altar of Trog.
    55 | D        | Found a sparkling altar of Nemelex Xobeh.
    56 | D        | Found a white marble altar of Elyvilon.
    57 | D        | Found a roughly hewn altar of Beogh.
    58 | D        | Found a viscous altar of Jiyva.
    59 | D        | Found a corrupted altar of Lugonu.
    60 | D        | Found a blossoming altar of Fedhas.
    61 | D        | Found a snail-covered altar of Cheibriados.
    62 | D        | Found a shadowy altar of Dithmenos.
    63 | D        | Found a stormy altar of Qazlal.
    64 | D        | Found an opulent altar of Gozag.
    65 | D        | Found a sacrificial altar of Ru.
   121 | D        | Became a worshipper of Cheibriados the Contemplative
   136 | D        | Noticed a sky beast
   136 | D        | Noticed a sky beast
   136 | D        | Noticed a crimson imp
   136 | D        | Noticed an unseen horror
   142 | D        | Killed a sky beast
   142 | D        | Reached skill level 8 in Dodging
   142 | D        | Reached XP level 4. HP: 39/39 MP: 4/4
   142 | D        | Reached XP level 5. HP: 45/45 MP: 5/5
   154 | D        | Killed a sky beast
   154 | D        | Acquired Cheibriados's first power
   154 | D        | Reached skill level 10 in Dodging
   154 | D        | Reached XP level 6. HP: 31/52 MP: 6/6
   159 | D        | Killed a crimson imp
   298 | D        | Killed an unseen horror
   298 | D        | Reached skill level 13 in Dodging
   298 | D        | Reached XP level 7. HP: 50/60 MP: 7/7
   343 | D        | Noticed a hill giant
   343 | D        | Noticed a cyclops
   343 | D        | Noticed a phantom
   343 | D        | Noticed a cyclops
   343 | D        | Noticed a soldier ant
   343 | D        | Noticed a deep elf mage
   351 | D        | Killed a hill giant
   351 | D        | Acquired Cheibriados's second power
   351 | D        | Reached skill level 14 in Dodging
   351 | D        | Reached XP level 8. HP: 67/67 MP: 8/8
   354 | D        | Killed a cyclops
   360 | D        | Killed a phantom
   366 | D        | Killed a cyclops
   366 | D        | Acquired Cheibriados's third power
   366 | D        | Reached skill level 15 in Dodging
   370 | D        | Killed a soldier ant
   370 | D        | Reached XP level 9. HP: 23/73 MP: 9/9
   374 | D        | Killed a deep elf mage
   688 | D        | Noticed a spiny frog
   688 | D        | Noticed a giant frog
   688 | D        | Noticed a water moccasin
   688 | D        | Noticed a hippogriff
   688 | D        | Noticed a yak
   688 | D        | Noticed a blink frog
   689 | D        | Noticed a crocodile
   695 | D        | Killed a spiny frog
   695 | D        | Acquired Cheibriados's fourth power
   695 | D        | Reached skill level 16 in Dodging
   697 | D        | Killed a giant frog
   697 | D        | Killed a water moccasin
   697 | D        | Killed a blink frog
   699 | D        | Noticed a porcupine
   700 | D        | Noticed a porcupine
   700 | D        | Killed a hippogriff
   700 | D        | Reached skill level 17 in Dodging
   708 | D        | Killed a yak
   709 | D        | Killed a crocodile
   716 | D        | Killed a porcupine
   720 | D        | Killed a porcupine
   959 | D        | Noticed a giant frog
   959 | D        | Noticed a polar bear
   959 | D        | Noticed a yak
   959 | D        | Noticed an elephant
   959 | D        | Noticed a giant frog
   960 | D        | Noticed a wolf
   963 | D        | Noticed a seven-headed hydra
   969 | D        | Killed a giant frog
   979 | D        | Killed a polar bear
   979 | D        | Reached XP level 10. HP: 78/80 MP: 10/13
   989 | D        | Killed a yak
   989 | D        | Reached skill level 5 in Invocations
   993 | D        | Killed a giant frog
   993 | D        | Killed a wolf
   994 | D        | Killed an elephant
   996 | D        | Killed a seven-headed hydra
   996 | D        | Reached skill level 10 in Invocations
  1138 | D        | Noticed a polar bear
  1138 | D        | Noticed a polar bear
  1138 | D        | Noticed a black bear
  1138 | D        | Noticed a polar bear
  1138 | D        | Noticed a polar bear
  1138 | D        | Noticed a black bear
  1139 | D        | Noticed a black bear
  1141 | D        | Noticed a polar bear
  1155 | D        | Killed a polar bear
  1160 | D        | Killed a polar bear
  1177 | D        | Killed a black bear
  1186 | D        | Killed a black bear
  1201 | D        | Killed a black bear
  1217 | D        | Killed a polar bear
  1218 | D        | Killed a polar bear
  1220 | D        | Killed a polar bear
  1382 | D        | Noticed Harold
  1398 | D        | Killed Harold
  1398 | D        | Reached XP level 11. HP: 74/86 MP: 21/21
  1487 | D        | Noticed an orc priest
  1487 | D        | Noticed an orc priest
  1487 | D        | Noticed an orc priest
  1490 | D        | Noticed an orc wizard
  1494 | D        | Noticed an orc knight
  1495 | D        | Noticed an orc wizard
  1496 | D        | Killed an orc priest
  1498 | D        | Noticed an orc wizard
  1500 | D        | Killed an orc priest
  1504 | D        | Killed an orc wizard
  1504 | D        | Reached skill level 1 in Armour
  1504 | D        | Killed an orc priest
  1504 | D        | Killed an orc wizard
  1504 | D        | Killed an orc wizard
  1511 | D        | Killed an orc knight
  1512 | D        | Noticed an orc wizard
  1686 | D        | Killed an orc wizard
  1765 | D        | Noticed an orc warrior
  1765 | D        | Noticed an orc warrior
  1765 | D        | Noticed an orc warrior
  1765 | D        | Noticed an orc knight
  1765 | D        | Noticed an orc warrior
  1765 | D        | Noticed an orc warrior
  1766 | D        | Noticed an orc priest
  1767 | D        | Killed an orc warrior
  1768 | D        | Noticed an orc knight
  1769 | D        | Killed an orc warrior
  1770 | D        | Noticed an orc warrior
  1772 | D        | Killed an orc warrior
  1772 | D        | Killed an orc priest
  1773 | D        | Noticed an orc warrior
  1773 | D        | Killed an orc knight
  1773 | D        | Reached skill level 5 in Fighting
  1773 | D        | Killed an orc warrior
  1773 | D        | Killed an orc warrior
  1773 | D        | Killed an orc warrior
  1779 | D        | Noticed an orc warrior
  1779 | D        | Killed an orc knight
  1779 | D        | Reached skill level 5 in Armour
  1789 | D        | Killed an orc warrior
  1795 | D        | Killed an orc warrior
  1828 | D        | Noticed an orc warrior
  1837 | D        | Killed an orc warrior
  2035 | D        | Found Jyip's Jewellery Emporium.
  2035 | D        | Noticed an orc high priest
  2035 | D        | Noticed an orc high priest
  2035 | D        | Noticed an orc knight
  2045 | D        | Killed an orc high priest
  2047 | D        | Killed an orc high priest
  2052 | D        | Killed an orc knight
  2282 | D        | Found Igruoq's Magic Scroll Shoppe.
  2285 | D        | Found Ilourodgh's Antique Weapon Emporium.
  2288 | D        | Found Astemeef's General Store.
  2293 | D        | Noticed an orc high priest
  2310 | D        | Killed an orc high priest
  2316 | D        | Bought a potion of heal wounds for 65 gold pieces
  2316 | D        | Bought a scroll of recharging for 123 gold pieces
  2316 | D        | Bought a scroll of enchant armour for 97 gold pieces
  2316 | D        | Bought a scroll of blinking for 97 gold pieces
  2316 | D        | Bought a potion of lignification for 39 gold pieces
  2340 | D        | Bought the cursed ring "Okhlim" {+Fly rC+++ Str-4 Dex-2 Slay+3} for 637 gold pieces
  2367 | D        | Noticed Eustachio
  2385 | D        | Killed Eustachio
  2462 | D        | Got the +5 dire flail of Huob {flame, MP+9 Str+2 Int-4 Dex+3}
  2552 | D        | Noticed a brain worm
  2552 | D        | Noticed an unseen horror
  2552 | D        | Noticed a troll
  2552 | D        | Noticed a crimson imp
  2553 | D        | Noticed a troll
  2554 | D        | Killed a brain worm
  2555 | D        | Noticed a two-headed ogre
  2556 | D        | Killed an unseen horror
  2557 | D        | Noticed a wraith
  2558 | D        | Killed a troll
  2559 | D        | Noticed a vampire mosquito
  2560 | D        | Killed a crimson imp
  2561 | D        | Noticed a yaktaur
  2562 | D        | Killed a troll
  2563 | D        | Noticed a boggart
  2564 | D        | Noticed an ice dragon
  2569 | D        | Killed a two-headed ogre
  2575 | D        | Killed a wraith
  2577 | D        | Noticed a stone giant
  2577 | D        | Killed a vampire mosquito
  2577 | D        | Reached XP level 12. HP: 116/116 MP: 22/22
  2579 | D        | Noticed a yaktaur
  2579 | D        | Noticed a wind drake
  2581 | D        | Killed a yaktaur
  2584 | D        | Noticed a rakshasa
  2593 | D        | Killed an ice dragon
  2593 | D        | a wind drake changed into a harpy
  2594 | D        | Killed a yaktaur
  2597 | D        | Killed a stone giant
  2601 | D        | Killed a rakshasa
  2601 | D        | Reached skill level 10 in Maces & Flails
  2603 | D        | Killed a boggart
  2976 | D        | Noticed Urug
  2988 | D        | Killed Urug
  2988 | D        | Reached skill level 5 in Short Blades
  3061 | D        | Noticed a spriggan druid
  3061 | D        | Noticed a seven-headed hydra
  3061 | D        | Noticed a vampire mosquito
  3061 | D        | Noticed a vampire mosquito
  3098 | D        | Noticed an insubstantial wisp
  3099 | D        | Killed a spriggan druid
  3099 | D        | Reached skill level 10 in Stealth
  3100 | D        | Noticed a bog body
  3101 | D        | Killed a seven-headed hydra
  3103 | D        | Killed a vampire mosquito
  3104 | D        | Noticed a bog body
  3105 | D        | Killed a vampire mosquito
  3106 | D        | Noticed a bog body
  3107 | D        | Noticed a spriggan druid
  3110 | D        | Killed an insubstantial wisp
  3113 | D        | Killed a bog body
  3117 | D        | Killed a bog body
  3121 | D        | Killed a bog body
  3133 | D        | Killed a spriggan druid
  3208 | D        | Noticed a tarantella
  3208 | D        | Noticed a spider
  3209 | D        | Noticed a wolf spider
  3210 | D        | Killed a tarantella
  3211 | D        | Noticed a wolf spider
  3211 | D        | Noticed a trapdoor spider
  3213 | D        | Noticed a trapdoor spider
  3216 | D        | Noticed a jumping spider
  3220 | D        | Killed a trapdoor spider
  3221 | D        | Killed a trapdoor spider
  3222 | D        | Noticed a wolf spider
  3227 | D        | Killed a spider
  3231 | D        | Killed a wolf spider
  3233 | D        | Noticed a wolf spider
  3234 | D        | Killed a wolf spider
  3236 | D        | Killed a jumping spider
  3239 | D        | Killed a wolf spider
  3243 | D        | Killed a wolf spider
  3474 | D        | Noticed a naga
  3474 | D        | Noticed a naga mage
  3474 | D        | Noticed a naga sharpshooter
  3474 | D        | Noticed a black mamba
  3475 | D        | Noticed a black mamba
  3476 | D        | Killed a naga
  3477 | D        | Noticed a shock serpent
  3478 | D        | Killed a naga mage
  3478 | D        | Reached skill level 15 in Stealth
  3479 | D        | Noticed a guardian serpent
  3480 | D        | Killed a naga sharpshooter
  3480 | D        | Reached skill level 10 in Short Blades
  3480 | D        | Gained mutation: You can use your snake-like lower body to constrict enemies. [Naga growth]
  3480 | D        | Reached XP level 13. HP: 122/122 MP: 23/23
  3481 | D        | Noticed a naga sharpshooter
  3482 | D        | Killed a black mamba
  3483 | D        | Noticed a naga sharpshooter
  3484 | D        | Killed a black mamba
  3486 | D        | Killed a shock serpent
  3488 | D        | Killed a guardian serpent
  3495 | D        | Killed a naga sharpshooter
  3504 | D        | Killed a naga sharpshooter
  3774 | D        | Noticed a water nymph
  3774 | D        | Noticed a merfolk
  3774 | D        | Noticed a griffon
  3774 | D        | Noticed a griffon
  3775 | D        | Noticed a sea snake
  3776 | D        | Killed a water nymph
  3777 | D        | Noticed a merfolk javelineer
  3778 | D        | Killed a merfolk
  3779 | D        | Noticed a sea snake
  3780 | D        | Killed a griffon
  3781 | D        | Noticed a merfolk javelineer
  3782 | D        | Killed a griffon
  3783 | D        | Noticed an alligator snapping turtle
  3784 | D        | Killed a sea snake
  3789 | D        | Killed a merfolk javelineer
  3795 | D        | Killed a sea snake
  3803 | D        | Killed a merfolk javelineer
  3817 | D        | Killed an alligator snapping turtle
  4110 | D        | Noticed Psyche
  4122 | D        | Killed Psyche
  4170 | D        | Noticed a fire dragon
  4170 | D        | Noticed a stone giant
  4170 | D        | Noticed a white very ugly thing
  4170 | D        | Noticed a stone giant
  4182 | D        | Killed a fire dragon
  4182 | D        | Reached skill level 15 in Short Blades
  4184 | D        | Killed a stone giant
  4185 | D        | Noticed a frost giant
  4186 | D        | Killed a white very ugly thing
  4187 | D        | Noticed a deep troll shaman
  4190 | D        | Noticed a spriggan defender
  4194 | D        | Noticed a flayed ghost
  4199 | D        | Killed a stone giant
  4203 | D        | Killed a frost giant
  4205 | D        | Noticed a fire dragon
  4207 | D        | Killed a deep troll shaman
  4207 | D        | Killed a spriggan defender
  4207 | D        | Reached skill level 18 in Short Blades
  4207 | D        | Killed a flayed ghost
  4209 | D        | Noticed a giant orange brain
  4212 | D        | Killed a fire dragon
  4212 | D        | Reached XP level 14. HP: 63/130 MP: 17/24
  4213 | D        | Noticed a spriggan berserker
  4218 | D        | Killed a giant orange brain
  4219 | D        | Noticed a great orb of eyes
  4219 | D        | Noticed a yaktaur
  4223 | D        | Killed a spriggan berserker
  4223 | D        | Reached skill level 19 in Short Blades
  4228 | D        | Killed a great orb of eyes
  4231 | D        | Killed a yaktaur
  4461 | D        | Noticed a slime creature
  4462 | D        | Noticed a great orb of eyes
  4463 | D        | Noticed an ettin
  4464 | D        | Noticed an entropy weaver
  4465 | D        | Noticed a fire dragon
  4470 | D        | Killed a slime creature
  4472 | D        | Killed a great orb of eyes
  4472 | D        | Killed an ettin
  4475 | D        | Killed an entropy weaver
  4475 | D        | Reached skill level 20 in Short Blades
  4485 | D        | Killed a fire dragon
  4756 | D        | Noticed a kobold demonologist
  4756 | D        | Noticed a yaktaur
  4756 | D        | Noticed a slime creature
  4757 | D        | Noticed a yaktaur captain
  4758 | D        | Killed a kobold demonologist
  4759 | D        | Noticed a vault warden
  4760 | D        | Killed a yaktaur
  4761 | D        | Noticed a yaktaur captain
  4763 | D        | Noticed a vault warden
  4764 | D        | Killed a slime creature
  4764 | D        | Reached skill level 10 in Fighting
  4770 | D        | Killed a vault warden
  4770 | D        | Killed a yaktaur captain
  4772 | D        | Killed a yaktaur captain
  4773 | D        | Noticed a freezing wraith
  4774 | D        | Noticed a skeletal warrior
  4775 | D        | Noticed a shadow wraith
  4775 | D        | Killed a vault warden
  4779 | D        | Killed a freezing wraith
  4787 | D        | Killed a skeletal warrior
  4791 | D        | Killed a shadow wraith
  5127 | D        | Noticed a tengu reaver
  5128 | D        | Noticed a tengu reaver
  5129 | D        | Noticed a deep troll
  5130 | D        | Noticed an ironbrand convoker
  5131 | D        | Noticed a hog
  5133 | D        | Noticed a vault warden
  5136 | D        | Killed a tengu reaver
  5137 | D        | Killed a deep troll
  5137 | D        | Killed an ironbrand convoker
  5138 | D        | Noticed a yaktaur captain
  5138 | D        | Killed a tengu reaver
  5138 | D        | Killed a vault warden
  5141 | D        | Noticed an ironheart preserver
  5141 | D        | Noticed a vault sentinel
  5151 | D        | Killed a yaktaur captain
  5154 | D        | Killed an ironheart preserver
  5157 | D        | Killed a vault sentinel
  5501 | D        | Noticed Norris
  5508 | D        | Noticed Louise
  5526 | D        | Killed Norris
  5535 | D        | Killed Louise
  5535 | D        | Reached skill level 15 in Fighting
  5535 | D        | Reached XP level 15. HP: 115/154 MP: 25/25
  5816 | D        | Noticed Jory
  5831 | D        | Killed Jory
  5832 | D        | Noticed Mennas
  5851 | D        | Killed Mennas
  5851 | D        | Reached skill level 10 in Armour
  7019 | D        | Noticed a swamp dragon
  7019 | D        | Noticed a swamp dragon
  7019 | D        | Noticed a swamp drake
  7019 | D        | Noticed an eight-headed hydra
  7027 | D        | Killed a swamp dragon
  7028 | D        | Noticed a seven-headed hydra
  7030 | D        | Killed a swamp dragon
  7031 | D        | Noticed a swamp dragon
  7031 | D        | Noticed a giant leech
  7036 | D        | Killed a swamp drake
  7037 | D        | Noticed a seven-headed hydra
  7042 | D        | Killed an eight-headed hydra
  7046 | D        | Noticed a five-headed hydra
  7046 | D        | Killed a seven-headed hydra
  7046 | D        | Reached skill level 5 in Shields
  7049 | D        | Noticed a seven-headed hydra
  7050 | D        | Killed a swamp dragon
  7054 | D        | Noticed an eight-headed hydra
  7057 | D        | Killed a giant leech
  7061 | D        | Killed a seven-headed hydra
  7063 | D        | Killed a five-headed hydra
  7067 | D        | Noticed a swamp dragon
  7068 | D        | Killed a seven-headed hydra
  7069 | D        | Noticed a swamp drake
  7072 | D        | Killed an eight-headed hydra
  7079 | D        | Killed a swamp dragon
  7081 | D        | Killed a swamp drake
  7085 | D        | Got a decaying rune of Zot
  7146 | D        | Noticed a guardian serpent
  7146 | D        | Noticed a greater naga
  7146 | D        | Noticed a naga
  7146 | D        | Noticed a greater naga
  7147 | D        | Noticed a naga mage
  7148 | D        | Killed a guardian serpent
  7149 | D        | Noticed a naga mage
  7150 | D        | Killed a greater naga
  7151 | D        | Noticed a greater naga
  7156 | D        | Killed a greater naga
  7156 | D        | Reached skill level 10 in Shields
  7159 | D        | Killed a naga
  7160 | D        | Noticed a naga mage
  7162 | D        | Noticed a naga
  7167 | D        | Killed a greater naga
  7168 | D        | Noticed a guardian serpent
  7171 | D        | Killed a naga mage
  7172 | D        | Noticed a greater naga
  7173 | D        | Noticed a greater naga
  7177 | D        | Killed a naga mage
  7177 | D        | Killed a greater naga
  7177 | D        | Killed a guardian serpent
  7179 | D        | Killed a naga mage
  7181 | D        | Noticed a naga warrior
  7182 | D        | Killed a naga
  7183 | D        | Killed a greater naga
  7188 | D        | Killed a naga warrior
  7260 | D        | Got a serpentine rune of Zot
  7367 | D        | Noticed a moth of wrath
  7367 | D        | Noticed an emperor scorpion
  7367 | D        | Noticed a redback
  7367 | D        | Noticed a wolf spider
  7372 | D        | Noticed a jumping spider
  7373 | D        | Killed a moth of wrath
  7374 | D        | Noticed a wolf spider
  7375 | D        | Killed an emperor scorpion
  7376 | D        | Noticed a ghost moth
  7377 | D        | Killed a redback
  7378 | D        | Noticed a wolf spider
  7379 | D        | Killed a wolf spider
  7380 | D        | Noticed an emperor scorpion
  7381 | D        | Killed a jumping spider
  7382 | D        | Noticed a jumping spider
  7383 | D        | Killed a wolf spider
  7384 | D        | Noticed an emperor scorpion
  7385 | D        | Killed a ghost moth
  7386 | D        | Noticed a redback
  7392 | D        | Killed a wolf spider
  7406 | D        | Killed an emperor scorpion
  7413 | D        | Killed an emperor scorpion
  7413 | D        | Reached skill level 15 in Shields
  7413 | D        | Reached XP level 16. HP: 150/168 MP: 26/26
  7415 | D        | Killed a redback
  7417 | D        | Killed a jumping spider
  7419 | D        | Got a gossamer rune of Zot
  7432 | D        | Noticed an emperor scorpion
  7453 | D        | Killed an emperor scorpion
  7460 | D        | Noticed a merfolk javelineer
  7460 | D        | Noticed a merfolk javelineer
  7460 | D        | Noticed a merfolk aquamancer
  7460 | D        | Noticed a merfolk javelineer
  7461 | D        | Noticed a merfolk impaler
  7462 | D        | Killed a merfolk javelineer
  7463 | D        | Noticed Ilsuiw
  7466 | D        | Killed a merfolk aquamancer
  7467 | D        | Noticed a merfolk javelineer
  7468 | D        | Noticed a merfolk impaler
  7469 | D        | Killed a merfolk impaler
  7470 | D        | Noticed a merfolk impaler
  7472 | D        | Noticed a merfolk javelineer
  7476 | D        | Killed a merfolk javelineer
  7484 | D        | Killed Ilsuiw
  7484 | D        | Reached skill level 21 in Short Blades
  7486 | D        | Noticed a merfolk javelineer
  7488 | D        | Killed a merfolk javelineer
  7493 | D        | Killed a merfolk javelineer
  7494 | D        | Noticed a merfolk impaler
  7498 | D        | Killed a merfolk javelineer
  7499 | D        | Noticed a merfolk impaler
  7504 | D        | Killed a merfolk javelineer
  7512 | D        | Killed a merfolk impaler
  7517 | D        | Killed a merfolk impaler
  7522 | D        | Killed a merfolk impaler
  7523 | D        | Killed a merfolk impaler
  7523 | D        | Reached skill level 22 in Short Blades
  7553 | D        | Got a barnacled rune of Zot
  8660 | D        | Noticed Xtahua
  8664 | D        | Noticed Margery
  8671 | D        | Noticed a hell knight
  8671 | D        | Killed Xtahua
  8674 | D        | Killed Margery
  8674 | D        | Reached skill level 23 in Short Blades
  8675 | D        | Noticed a necromancer
  8676 | D        | Noticed a hell knight
  8677 | D        | Noticed a necromancer
  8678 | D        | Killed a hell knight
  8683 | D        | Killed a necromancer
  8686 | D        | Noticed a hell knight
  8690 | D        | Killed a hell knight
  8693 | D        | Killed a necromancer
  8698 | D        | Killed a hell knight
  8806 | D        | Noticed a hell knight
  8813 | D        | Killed a hell knight
  8836 | D        | Noticed a vault guard
  8836 | D        | Noticed a vault guard
  8836 | D        | Noticed a vault guard
  8836 | D        | Noticed a vault guard
  8842 | D        | Noticed a vault guard
  8843 | D        | Killed a vault guard
  8844 | D        | Noticed a vault guard
  8845 | D        | Killed a vault guard
  8846 | D        | Noticed a vault guard
  8847 | D        | Killed a vault guard
  8848 | D        | Noticed a vault guard
  8849 | D        | Killed a vault guard
  8850 | D        | Noticed a vault guard
  8851 | D        | Killed a vault guard
  8851 | D        | Reached skill level 24 in Short Blades
  8852 | D        | Noticed a vault guard
  8853 | D        | Killed a vault guard
  8854 | D        | Noticed a vault guard
  8861 | D        | Killed a vault guard
  8868 | D        | Noticed a vault guard
  8868 | D        | Killed a vault guard
  8871 | D        | Killed a vault guard
  8875 | D        | Killed a vault guard
  8876 | D        | Noticed a vault guard
  8878 | D        | Noticed a vault guard
  8881 | D        | Noticed a vault guard
  8882 | D        | Killed a vault guard
  8887 | D        | Killed a vault guard
  8893 | D        | Killed a vault guard
  8901 | D        | Killed a vault guard
  8907 | D        | Killed a vault guard
  8907 | D        | Reached skill level 25 in Short Blades
  8932 | D        | Noticed a vault guard
  8933 | D        | Noticed a vault guard
  8935 | D        | Noticed a vault guard
  8938 | D        | Killed a vault guard
  8939 | D        | Noticed a vault guard
  8942 | D        | Killed a vault guard
  8944 | D        | Noticed a vault guard
  8946 | D        | Noticed a vault guard
  8947 | D        | Noticed a vault guard
  8948 | D        | Killed a vault guard
  8951 | D        | Killed a vault guard
  8956 | D        | Killed a vault guard
  8956 | D        | Reached XP level 17. HP: 162/176 MP: 27/27
  8962 | D        | Killed a vault guard
  8967 | D        | Killed a vault guard
  8984 | D        | Noticed a vault guard
  8985 | D        | Noticed a vault guard
  8986 | D        | Noticed a vault guard
  8993 | D        | Killed a vault guard
  8997 | D        | Killed a vault guard
  9004 | D        | Killed a vault guard
  9004 | D        | Reached skill level 26 in Short Blades
  9079 | D        | Noticed a battleaxe of electrocution
  9079 | D        | Noticed a stone giant
  9079 | D        | Noticed a stone giant
  9079 | D        | Noticed an ironbrand convoker
  9080 | D        | Noticed an ironheart preserver
  9081 | D        | Killed a battleaxe of electrocution
  9082 | D        | Noticed a tentacled monstrosity
  9083 | D        | Killed a stone giant
  9084 | D        | Noticed a tengu reaver
  9087 | D        | Killed a stone giant
  9088 | D        | Noticed an ironbrand convoker
  9096 | D        | Killed an ironheart preserver
  9097 | D        | Killed a tengu reaver
  9097 | D        | Killed an ironbrand convoker
  9097 | D        | Killed an ironbrand convoker
  9100 | D        | Killed a tentacled monstrosity
  9101 | D        | Noticed an ogre mage
  9104 | D        | Noticed a brown very ugly thing
  9116 | D        | Noticed a deep elf knight
  9118 | D        | Killed an ogre mage
  9130 | D        | Killed a deep elf knight
  9139 | D        | Noticed a wolf spider
  9139 | D        | Killed a brown very ugly thing
  9146 | D        | Killed a wolf spider
  9265 | D        | Noticed a shadow dragon
  9277 | D        | Killed a shadow dragon
  9375 | D        | Noticed a shadow dragon
  9377 | D        | Noticed an orc knight
  9378 | D        | Noticed an ettin
  9379 | D        | Noticed a frost giant
  9381 | D        | Killed a shadow dragon
  9383 | D        | Killed an orc knight
  9385 | D        | Killed an ettin
  9387 | D        | Killed a frost giant
  9405 | D        | Noticed a shadow wraith
  9405 | D        | Noticed a shadow dragon
  9405 | D        | Noticed a quicksilver dragon
  9405 | D        | Noticed a tentacled monstrosity
  9413 | D        | Noticed a vault warden
  9414 | D        | Killed a shadow wraith
  9415 | D        | Noticed a shadow dragon
  9416 | D        | Killed a shadow dragon
  9417 | D        | Noticed a stone giant
  9420 | D        | Killed a quicksilver dragon
  9423 | D        | Noticed a shadow dragon
  9423 | D        | Killed a tentacled monstrosity
  9427 | D        | Noticed a shadow dragon
  9427 | D        | Killed a vault warden
  9430 | D        | Killed a stone giant
  9431 | D        | Killed a shadow dragon
  9438 | D        | Killed a shadow dragon
  9446 | D        | Killed a shadow dragon
  9592 | D        | Got a silver rune of Zot
  9654 | D        | Noticed Boris
  9658 | D        | Noticed Frederick
  9659 | D        | Noticed Nikola
  9671 | D        | Killed Boris
  9678 | D        | Killed Nikola
  9678 | D        | Reached skill level 10 in Evocations
  9683 | D        | Killed Frederick
  9869 | D        | Got the ring of Puih Otowi {MP+9 Int+4 Dex+4 Slay-3 Stlth+}
  9893 | D        | Got the amulet "Nicrid" {-Tele +Rage Int+7 SInv}
  9895 | D        | Got the ring of Paano {+Fly rC+ rN+ Int+3}
  9897 | D        | Got the ring "Enux" {rF+ Str+3 Stlth-}
  9899 | D        | Got the amulet "Ucvined" {Stasis MR+}
 10048 | D        | Noticed Mara
 10056 | D        | Killed Mara
 10056 | D        | Reached XP level 18. HP: 199/199 MP: 28/28
 10069 | D        | Noticed an ice beast
 10069 | D        | Noticed a manticore
 10069 | D        | Noticed a jelly
 10069 | D        | Noticed a wight
 10070 | D        | Noticed a crocodile
 10071 | D        | Killed an ice beast
 10072 | D        | Noticed a gargoyle
 10074 | D        | Killed a manticore
 10077 | D        | Noticed an ogre mage
 10079 | D        | Killed a jelly
 10081 | D        | Killed a wight
 10085 | D        | Killed a crocodile
 10091 | D        | Killed a gargoyle
 10095 | D        | Killed an ogre mage
 10097 | D        | Noticed a golden dragon
 10097 | D        | Noticed an ice dragon
 10097 | D        | Noticed a storm dragon
 10097 | D        | Noticed a storm dragon
 10097 | D        | Noticed an ice dragon
 10097 | D        | Noticed a fire dragon
 10102 | D        | Noticed a white draconian
 10103 | D        | Killed a golden dragon
 10103 | D        | Reached skill level 15 in Maces & Flails
 10104 | D        | Noticed a red draconian
 10105 | D        | Killed an ice dragon
 10106 | D        | Noticed a mottled draconian
 10107 | D        | Killed a storm dragon
 10108 | D        | Noticed an ice dragon
 10109 | D        | Killed a storm dragon
 10110 | D        | Noticed a mottled draconian
 10121 | D        | Killed an ice dragon
 10122 | D        | Noticed a red draconian
 10128 | D        | Killed a fire dragon
 10134 | D        | Killed a white draconian
 10136 | D        | Killed a red draconian
 10142 | D        | Killed a mottled draconian
 10152 | D        | Killed an ice dragon
 10157 | D        | Killed a mottled draconian
 10160 | D        | Killed a red draconian
 10168 | D        | Noticed a green draconian
 10168 | D        | Noticed a purple draconian
 10168 | D        | Noticed a tentacled monstrosity
 10168 | D        | Noticed a purple draconian shifter
 10168 | D        | Noticed a mottled draconian
 10168 | D        | Noticed a red draconian
 10169 | D        | Noticed a red draconian
 10172 | D        | Killed a green draconian
 10180 | D        | Killed a tentacled monstrosity
 10190 | D        | Killed a mottled draconian
 10191 | D        | Killed a purple draconian
 10196 | D        | Killed a purple draconian shifter
 10200 | D        | Killed a red draconian
 10206 | D        | Killed a red draconian
 10309 | D        | Noticed a death cob
 10309 | D        | Noticed a red draconian
 10309 | D        | Noticed a moth of wrath
 10309 | D        | Noticed a white draconian
 10309 | D        | Noticed a purple draconian shifter
 10309 | D        | Noticed a moth of wrath
 10310 | D        | Noticed a moth of wrath
 10311 | D        | Killed a death cob
 10312 | D        | Noticed a yellow draconian scorcher
 10317 | D        | Killed a red draconian
 10319 | D        | Killed a moth of wrath
 10336 | D        | Killed a white draconian
 10340 | D        | Killed a moth of wrath
 10341 | D        | Killed a moth of wrath
 10343 | D        | Killed a yellow draconian scorcher
 10346 | D        | Killed a purple draconian shifter
 10410 | D        | Noticed a yellow draconian caller
 10410 | D        | Noticed a shadow dragon
 10410 | D        | Noticed a fire dragon
 10410 | D        | Noticed an ice dragon
 10410 | D        | Noticed a death cob
 10410 | D        | Noticed a green draconian shifter
 10411 | D        | Noticed a moth of wrath
 10413 | D        | Killed a yellow draconian caller
 10414 | D        | Noticed a death cob
 10415 | D        | Killed a shadow dragon
 10416 | D        | Noticed a green draconian
 10417 | D        | Killed a fire dragon
 10419 | D        | Killed an ice dragon
 10419 | D        | Reached skill level 15 in Armour
 10421 | D        | Killed a death cob
 10423 | D        | Killed a green draconian shifter
 10429 | D        | Killed a moth of wrath
 10432 | D        | Killed a death cob
 10441 | D        | Killed a green draconian
 10511 | D        | Noticed a storm dragon
 10511 | D        | Noticed a white draconian annihilator
 10511 | D        | Noticed a mottled draconian caller
 10511 | D        | Noticed a death cob
 10511 | D        | Noticed a tentacled monstrosity
 10511 | D        | Noticed a tentacled monstrosity
 10512 | D        | Noticed a mottled draconian
 10518 | D        | Killed a storm dragon
 10521 | D        | Killed a white draconian annihilator
 10524 | D        | Killed a death cob
 10527 | D        | Noticed a curse toe
 10528 | D        | Killed a tentacled monstrosity
 10530 | D        | Noticed a white draconian knight
 10532 | D        | Killed a mottled draconian caller
 10539 | D        | Killed a tentacled monstrosity
 10542 | D        | Killed a mottled draconian
 10552 | D        | Killed a curse toe
 10552 | D        | Reached XP level 19. HP: 56/206 MP: 19/29
 10558 | D        | Killed a white draconian knight
 10878 | D        | Noticed an Orb Guardian
 10878 | D        | Noticed an Orb Guardian
 10878 | D        | Noticed an Orb Guardian
 10878 | D        | Noticed an Orb Guardian
 10878 | D        | Noticed an Orb Guardian
 10878 | D        | Noticed an Orb Guardian
 10880 | D        | Noticed an Orb Guardian
 10881 | D        | Killed an Orb Guardian
 10882 | D        | Noticed an Orb Guardian
 10883 | D        | Killed an Orb Guardian
 10884 | D        | Noticed an Orb Guardian
 10890 | D        | Killed an Orb Guardian
 10896 | D        | Killed an Orb Guardian
 10907 | D        | Killed an Orb Guardian
 10917 | D        | Killed an Orb Guardian
 10922 | D        | Killed an Orb Guardian
 10926 | D        | Killed an Orb Guardian
 10933 | D        | Killed an Orb Guardian
 11009 | D        | Noticed an Orb Guardian
 11018 | D        | Killed an Orb Guardian
 11032 | D        | Noticed an ice dragon
 11032 | D        | Noticed a mottled draconian monk
 11032 | D        | Noticed an Orb Guardian
 11032 | D        | Noticed an Orb Guardian
 11032 | D        | Noticed a death cob
 11032 | D        | Noticed a moth of wrath
 11033 | D        | Noticed an Orb Guardian
 11034 | D        | Noticed an Orb Guardian
 11037 | D        | Killed an ice dragon
 11045 | D        | Killed a mottled draconian monk
 11051 | D        | Killed an Orb Guardian
 11051 | D        | Killed a death cob
 11052 | D        | Killed an Orb Guardian
 11052 | D        | Reached skill level 27 in Short Blades
 11052 | D        | Killed an Orb Guardian
 11052 | D        | Killed a moth of wrath
 11053 | D        | Killed an Orb Guardian
 11120 | D        | Noticed an ancient lich
 11128 | D        | Killed an ancient lich
 11130 | D        | Noticed an orb of fire
 11133 | D        | Killed an orb of fire
 11135 | D        | Noticed an electric golem
 11149 | D        | Killed an electric golem
 11220 | D        | Noticed a shadow dragon
 11220 | D        | Noticed a black draconian scorcher
 11220 | D        | Noticed a moth of wrath
 11220 | D        | Noticed an orb of fire
 11220 | D        | Noticed an Orb Guardian
 11220 | D        | Noticed a fire dragon
 11228 | D        | Killed a shadow dragon
 11229 | D        | Noticed a storm dragon
 11230 | D        | Killed a moth of wrath
 11231 | D        | Killed an orb of fire
 11231 | D        | Killed a black draconian scorcher
 11231 | D        | Killed an Orb Guardian
 11231 | D        | Reached XP level 20. HP: 146/224 MP: 19/30
 11232 | D        | Noticed an orb of fire
 11233 | D        | Noticed an orb of fire
 11234 | D        | Noticed an orb of fire
 11235 | D        | Noticed a moth of wrath
 11235 | D        | Killed a storm dragon
 11235 | D        | Killed a fire dragon
 11236 | D        | Killed a moth of wrath
 11239 | D        | Killed an orb of fire
 11239 | D        | Killed an orb of fire
 11239 | D        | Killed an orb of fire
 11243 | D        | Noticed an ancient lich
 11259 | D        | Noticed an ancient lich
 11261 | D        | Killed an ancient lich
 11277 | D        | Killed an ancient lich
 11289 | D        | Noticed an orb of fire
 11414 | D        | Gained mutation: You tend to lose your temper in combat. [an orb of fire]
 11417 | D        | Gained mutation: You are weak. (Str -2) [an orb of fire]
 11417 | D        | Gained mutation: You are clumsy. (Dex -2) [an orb of fire]
 11418 | D        | Killed an orb of fire
 11501 | D        | Noticed an Orb Guardian
 11501 | D        | Noticed an Orb Guardian
 11501 | D        | Noticed an Orb Guardian
 11501 | D        | Noticed an Orb Guardian
 11501 | D        | Noticed an Orb Guardian
 11501 | D        | Noticed an Orb Guardian
 11502 | D        | Noticed a moth of wrath
 11505 | D        | Killed an Orb Guardian
 11508 | D        | Killed an Orb Guardian
 11509 | D        | Noticed an Orb Guardian
 11515 | D        | Killed an Orb Guardian
 11523 | D        | Killed an Orb Guardian
 11531 | D        | Killed an Orb Guardian
 11535 | D        | Killed an Orb Guardian
 11537 | D        | Noticed an Orb Guardian
 11540 | D        | Killed an Orb Guardian
 11541 | D        | Killed a moth of wrath
 11545 | D        | Noticed an Orb Guardian
 11546 | D        | Killed an Orb Guardian
 11546 | D        | Reached skill level 27 in Fighting
 11546 | D        | Reached skill level 27 in Armour
 11555 | D        | Killed an Orb Guardian
 11771 | D        | Noticed an Orb Guardian
 11772 | D        | Noticed an Orb Guardian
 11773 | D        | Noticed a moth of wrath
 11774 | D        | Noticed an Orb Guardian
 11780 | D        | Killed an Orb Guardian
 11785 | D        | Killed an Orb Guardian
 11785 | D        | Reached skill level 27 in Dodging
 11792 | D        | Killed an Orb Guardian
 11793 | D        | Killed a moth of wrath
 11896 | D        | Lost mutation: You are clumsy. (Dex -2) [potion of cure mutation]
 11896 | D        | Lost mutation: You are weak. (Str -2) [potion of cure mutation]
 11896 | D        | Lost mutation: You tend to lose your temper in combat. [potion of cure mutation]
 11973 | D        | Noticed a vampire knight
 11973 | D        | Noticed a vampire knight
 11973 | D        | Noticed an ancient lich
 11973 | D        | Noticed a vampire knight
 11973 | D        | Noticed a lich
 11973 | D        | Noticed a vampire knight
 11974 | D        | Noticed a lich
 11976 | D        | Noticed an ancient lich
 11978 | D        | Killed a vampire knight
 11984 | D        | Killed an ancient lich
 11984 | D        | Reached skill level 27 in Stealth
 11984 | D        | Reached skill level 15 in Evocations
 11984 | D        | Reached XP level 21. HP: 235/244 MP: 30/32
 11990 | D        | Noticed a vampire knight
 11992 | D        | Killed a vampire knight
 11993 | D        | Noticed a vampire knight
 11994 | D        | Killed a lich
 11995 | D        | Noticed a vampire knight
 11999 | D        | Killed an ancient lich
 12004 | D        | Killed a lich
 12008 | D        | Killed a vampire knight
 12012 | D        | Killed a vampire knight
 12017 | D        | Killed a vampire knight
 12023 | D        | Killed a vampire knight
 12029 | D        | Killed a vampire knight
 12218 | D        | Noticed a spriggan baker
 12218 | D        | Noticed a spriggan baker
 12218 | D        | Noticed a spriggan baker
 12218 | D        | Noticed a spriggan baker
 12218 | D        | Noticed a spriggan baker
 12218 | D        | Noticed a spriggan baker
 12219 | D        | Noticed a spriggan baker
 12221 | D        | Killed a spriggan baker
 12222 | D        | Killed a spriggan baker
 12224 | D        | Killed a spriggan baker
 12226 | D        | Noticed a spriggan baker
 12226 | D        | Killed a spriggan baker
 12228 | D        | Noticed a spriggan baker
 12228 | D        | Killed a spriggan baker
 12230 | D        | Noticed a spriggan baker
 12230 | D        | Killed a spriggan baker
 12232 | D        | Noticed a spriggan baker
 12232 | D        | Killed a spriggan baker
 12233 | D        | Killed a spriggan baker
 12236 | D        | Killed a spriggan baker
 12237 | D        | Killed a spriggan baker
 12238 | D        | Killed a spriggan baker
 12250 | D        | Noticed a deep elf demonologist
 12250 | D        | Noticed a deep elf demonologist
 12250 | D        | Noticed a deep elf high priest
 12250 | D        | Noticed a deep elf sorcerer
 12250 | D        | Noticed a deep elf death mage
 12250 | D        | Noticed a deep elf sorcerer
 12251 | D        | Noticed a deep elf blademaster
 12252 | D        | Noticed a deep elf blademaster
 12253 | D        | Killed a deep elf high priest
 12254 | D        | Killed a deep elf demonologist
 12255 | D        | Noticed a deep elf master archer
 12258 | D        | Noticed a deep elf master archer
 12258 | D        | Killed a deep elf death mage
 12262 | D        | Killed a deep elf blademaster
 12265 | D        | Killed a deep elf blademaster
 12266 | D        | Noticed a deep elf master archer
 12272 | D        | Killed a deep elf master archer
 12273 | D        | Noticed a deep elf demonologist
 12278 | D        | Killed a deep elf master archer
 12281 | D        | Killed a deep elf sorcerer
 12286 | D        | Killed a deep elf master archer
 12288 | D        | Noticed a deep elf death mage
 12288 | D        | Killed a deep elf sorcerer
 12296 | D        | Killed a deep elf demonologist
 12297 | D        | Noticed a deep elf sorcerer
 12306 | D        | Killed a deep elf death mage
 12309 | D        | Killed a deep elf sorcerer
 12316 | D        | Killed a deep elf demonologist
 12318 | D        | Got an elven rune of Zot
 12529 | D        | Noticed a death ooze
 12529 | D        | Noticed an azure jelly
 12529 | D        | Noticed an azure jelly
 12529 | D        | Noticed a death ooze
 12529 | D        | Noticed a golden eye
 12530 | D        | Noticed an acid blob
 12532 | D        | Killed a death ooze
 12537 | D        | Killed an azure jelly
 12544 | D        | Noticed an azure jelly
 12544 | D        | Paralysed by a giant eyeball for 2 turns
 12548 | D        | Killed an azure jelly
 12551 | D        | Noticed the royal jelly
 12553 | D        | Killed a death ooze
 12554 | D        | Killed a golden eye
 12555 | D        | Paralysed by a giant eyeball for 2 turns
 12561 | D        | Killed an acid blob
 12561 | D        | Killed an azure jelly
 12566 | D        | Noticed an acid blob
 12567 | D        | Killed the royal jelly
 12567 | D        | Reached skill level 27 in Evocations
 12575 | D        | Mangled by an acid blob

Vault maps used:
D:        linesprint

Action                   |  1- 3 |  4- 6 |  7- 9 | 10-12 | 13-15 | 16-18 | 19-21 || total
-------------------------+-------+-------+-------+-------+-------+-------+-------++-------
Melee: Dagger            |    29 |       |       |    21 |    48 |    32 |     4 ||   134
       Rapier            |     1 |    32 |    75 |   200 |       |       |       ||   308
       Dire flail        |       |       |       |    73 |   263 |   312 |       ||   648
       Great mace        |       |       |       |       |       |   133 |   335 ||   468
Throw: Javelin           |       |       |       |       |       |       |     2 ||     2
Invok: Slouch            |       |       |     1 |    11 |    16 |    20 |    16 ||    64
 Abil: Spit Poison       |     1 |       |       |       |       |       |       ||     1
       Evoke Invisibilit |       |       |       |     6 |     7 |     4 |       ||    17
Evoke: Wand              |       |       |       |     2 |       |       |     5 ||     7
  Use: Potion            |     1 |       |     1 |     1 |     5 |     3 |     7 ||    18
       Scroll            |       |       |     4 |     1 |     4 |     5 |       ||    14
 Stab: Sleeping          |     4 |     1 |     1 |    14 |    22 |    33 |     4 ||    79
       Invisible         |       |       |     6 |     4 |     9 |     2 |       ||    21
       Distracted        |       |       |       |       |     2 |     1 |       ||     3
       Confused          |       |       |       |       |       |     1 |       ||     1
  Eat: Meat ration       |       |       |       |     1 |     2 |     3 |     2 ||     8
       Chunk             |       |       |       |     2 |     3 |     3 |       ||     8
       Fruit             |       |       |       |       |       |       |     1 ||     1
